 Dungeon Crawl Stone Soup version 0.19.0-19-g8c6edcc (webtiles) character file.

127 lorenzova the Ducker (level 4, -4/23 HPs)
             Began as a Spriggan Monk on Nov 12, 2016.
             Slain by an orc
             ... wielding a +0 hand axe
              (6 damage)
             ... on level 3 of the Dungeon.
             The game lasted 00:02:44 (2725 turns).

lorenzova the Ducker (Spriggan Monk)                Turns: 2725, Time: 00:02:45

Health: -4/23      AC:  2    Str:  7    XL:     4   Next: 85%
Magic:  5/5        EV: 22    Int: 11    God:
Gold:   71         SH:  0    Dex: 19    Spells: 0 memorised, 3 levels left

rFire  . . .     SeeInvis +     a - +0 short sword
rCold  + . .     Gourm    .     b - +0 robe
rNeg   . . .     Faith    .     (shield restricted)
rPois  .         Spirit   .     (helmet restricted)
rElec  .         Reflect  .     (no cloak)
rCorr  .         Harm     .     (gloves unavailable)
MR     .....                    (boots unavailable)
Stlth  +++.......               (no amulet)
                                (no ring)
                                h - ring of protection from cold

@: very quick
A: unfitting armour, see invisible, herbivore 3, speed 3, slow metabolism 2
a: no special abilities


You were on level 3 of the Dungeon.
You were not hungry.

You visited 1 branch of the dungeon, and saw 3 of its levels.

You collected 71 gold pieces.

Inventory:

Hand Weapons
 a - a +0 short sword (weapon)
Armour
 b - a +0 robe (worn)
Jewellery
 h - a ring of protection from cold (left hand)
Scrolls
 j - a scroll of enchant weapon {unknown}
 k - a scroll of remove curse {unknown}
 l - 2 scrolls of blinking {unknown}
Potions
 d - 3 potions of curing {unknown}
 e - 4 potions of heal wounds {unknown}
 f - a potion of flight {unknown}
 g - a potion of mutation {unknown}
 i - 2 potions of degeneration {unknown}
Comestibles
 c - a bread ration
 m - a slice of pizza


   Skills:
 - Level 2.4 Fighting
 + Level 4.0 Short Blades
 * Level 6.3 Dodging
 * Level 5.4 Stealth


You had 3 spell levels left.
You didn't know any spells.

Dungeon Overview and Level Annotations

Branches:
Dungeon (3/15)

Altars:


Innate Abilities, Weirdness & Mutations

You are very small and have problems with some larger weapons.
You are too small for most types of armour.
You have supernaturally acute eyesight. (SInv)
You are a herbivore.
You cover ground extremely quickly.
You need consume almost no food.


Message History

The orc completely misses you. The orc misses you.
The orc hits you with a hand axe.
You barely miss the orc.
The orc is severely wounded.
The orc hits you from afar with a trident.
* * * LOW HITPOINT WARNING * * *
The orc closely misses you.
You closely miss the orc.
The orc is severely wounded.
The orc completely misses you. The orc closely misses you.
The orc completely misses you.
You hit the orc but do no damage.
The orc is severely wounded.
The orc hits you with a hand axe.
* * * LOW HITPOINT WARNING * * *
The orc misses you.
You hit the orc but do no damage.
The orc is severely wounded.
The orc barely misses you. The orc hits you with a hand axe.
You die...

#.# #..# ###.# #..# ##
...# #######.†###
#.###.#####)..........
#.#..........>.....###
#....(......#..##.##
##...o##.###........
#..#o##.###..###.....
#ow#@o............###
#..####.###..###..#
...oo #.# #..# ...#
#....... #.# #.......#
#....o... #.......##
#........


You could see 3 orcs.

Vanquished Creatures
  Ijyb (D:3)
  5 adders
  2 dart slugs
  An orc (D:3)
  2 ball pythons
  4 giant cockroaches
  7 goblins
  5 hobgoblins
  9 kobolds
  A quokka (D:1)
  6 bats
  5 frilled lizards
  6 rats
54 creatures vanquished.

Notes
Turn   | Place    | Note
-------+----------+-------------------------------------------
     0 | D:1      | lorenzova the Spriggan Monk began the quest for the Orb.
     0 | D:1      | Reached XP level 1. HP: 11/11 MP: 2/2
   161 | D:1      | Reached XP level 2. HP: 16/16 MP: 3/3
   529 | D:1      | Reached skill level 5 in Dodging
   936 | D:1      | Reached XP level 3. HP: 16/19 MP: 4/4
  1751 | D:2      | Reached XP level 4. HP: 13/23 MP: 5/5
  2283 | D:2      | Reached skill level 5 in Stealth
  2384 | D:3      | Reached skill level 6 in Dodging
  2632 | D:3      | Noticed Ijyb
  2648 | D:3      | Killed Ijyb
  2725 | D:3      | Slain by an orc

Skill      XL: |  1  2  3  4 |
---------------+-------------+-----
Dodging        | 5 6 |  6.3
Stealth        | 4 5 |  5.4
Short Blades   | 4 |  4.0
Fighting       | |  2.4

Action                   |  1- 3 |  4- 6 || total
-------------------------+-------+-------++-------
Melee: Short sword       |   117 |    85 ||   202
 Stab: Sleeping          |    10 |     3 ||    13
       Distracted        |     2 |       ||     2
Armor: Robe              |     5 |     1 ||     6
Dodge: Dodged            |    82 |    77 ||   159
